[Event "*** SCC Grand Prix: Titled Tuesday Blitz"]
[Site "Chess.com"]
[Date "2020.09.08"]
[Round "6"]
[White "StellarChessPro"]
[Black "valeriocarnicelli"]
[Result "0-1"]
[WhiteElo "2266"]
[BlackElo "2476"]
[TimeControl "180+1"]
[EndTime "11:08:02 PDT"]
[Termination "valeriocarnicelli won by resignation"]

1. b3 e5 2. Bb2 Nc6 3. e3 g6 4.
Bb5 Bg7 5. f4 d6 6. Nf3 Ne7 7. fxe5 O-O 8. O-O dxe5 9. e4 a6 10. Bxc6 Nxc6 11. h3 b6 12. d3 f6 13.
Nbd2 Qe8 14. Nc4 Bb7 15. Ne3 Nd8 16. Qe1 Ne6 17. Kh2 Rd8 18. a4 a5 19. Ng4 Nf4 20. Qh4 Qe6 21. Ne3 Nxd3 22. cxd3 Rxd3 23. Qf2 Bxe4 24. Nd2 Bb7 25. Nec4 f5 26. Rae1 Rfd8 27. Bxe5 Rxd2 28. Nxd2 Bxe5+ 29. Kh1 Qf6 30. Nc4 Bd4 31.
Qg3 Qf7 32. Re2 Bf6 33. Rfe1 Bd5 34. Qf4 Bc6 35. Ne5 Bxe5 36. Rxe5 Qxb3 37. Qh6 Qg3 38. R5e2 Bxg2+ 39. Kg1 Bf3+ 40. Kf1 Bxe2+ 41. Kxe2 Re8+ 42. Kd2 Qxe1+ 0-1

[Event "*** SCC Grand Prix: Titled Tuesday Blitz"]
[Site "Chess.com"]
[Date "2020.09.08"]
[Round "6"]
[White "BJthechessgod"]
[Black "KetiGrant"]
[Result "0-1"]
[WhiteElo "2214"]
[BlackElo "2346"]
[TimeControl "180+1"]
[EndTime "11:08:02 PDT"]
[Termination "KetiGrant won on time"]

1. e4 c5 2. Nf3 Nc6 3. d4 cxd4 4. Nxd4 e5 5. Nb5 d6 6. c4 Be7 7. N1c3 a6 8. Na3 Nf6 9. Be2 O-O 10. Bg5 Ne8 11.
Bxe7 Nxe7 12. O-O g6 13. Nc2 f5 14. Ne3 f4 15. Ned5 Nc6 16. Bg4 Nd4 17. Bxc8 Rxc8 18.
Ne2 Rxc4 19. Nxd4 Rxd4 20. Qb3 Kh8 21. f3 b5 22. Rac1 Nf6 23. Nb4 Qb6 24. Kh1 Rd2 25.
Qc3 Rf2 26. Rxf2 Qxf2 27. Nxa6 Nh5 28. Qe1 Qxb2 29. Nb4 Nf6 30. Rc2 Qd4 31. Nc6 Qb6 32. Qd2 Ne8 33. Ne7 g5 34. Nf5 g4 35.
Rc8 gxf3 36. gxf3 Rg8 37. Qe1 Qa6 38. Rd8 Qxa2 39. Qf1 Qb3 40. Nxd6 Nxd6 41. Rxd6 b4 42. Rb6 Qc3 43. Rb5 b3 44. Rb7 b2 45. h4 Qd2 0-1

[Event "*** SCC Grand Prix: Titled Tuesday Blitz"]
[Site "Chess.com"]
[Date "2020.09.08"]
[Round "6"]
[White "PSvidler"]
[Black "exoticprincess"]
[Result "1/2-1/2"]
[WhiteElo "2926"]
[BlackElo "2894"]
[TimeControl "180+1"]
[EndTime "11:08:03 PDT"]
[Termination "Game drawn by repetition"]

1. e4 c5 2. Nf3 e6 3. d4 cxd4 4. Nxd4 Nf6 5. Nc3 Bb4 6. e5 Nd5 7. Bd2 Bxc3 8. bxc3 O-O 9. c4 Ne7 10. Bd3 d6 11. exd6 Qxd6 12. Bc3 Nbc6 13. Nxc6 Qxc6 14. O-O f6 15. Qe2 Ng6 16. f4 Bd7 17. Rf3 Rae8 18. Raf1 Qc7 19. Qe3 e5 20. Bxg6 exf4 21.
Bxh7+ Kxh7 22. Qxf4 Qxf4 23. Rxf4 Bc6 24. c5 Re2 25. R1f2 Rfe8 26. Rxe2 Rxe2 27. Rf2 Re4 28. a3 Rc4 29. Bb4 Kg6 30. h3 Ba4 31. Rd2 Bxc2 32.
Kf2 Be4 33. Ke3 Bc6 34. Rd4 Rxd4 35. Kxd4 Bxg2 36. h4 Kf5 37. Ke3 Kg4 38. Be1 Bc6 39. Bf2 g6 40. Be1 f5 41. Bf2 Bb5 42. Be1 f4+ 43.
Kd4 Kf3 44. Bd2 Kg3 45. Be1+ Kg2 46. Ke4 f3 47. Ke3 Bc6 48. Bf2 a5 49. Be1 a4 50.
Bf2 Kh3 51. Kf4 Kg2 52. Ke3 Kf1 53. Bg3 Kg1 54. Bf2+ Kg2 55. Be1 Kf1 56. Bg3 Kg2 57.
Be1 Kf1 58. Bg3 1/2-1/2

[Event "*** SCC Grand Prix: Titled Tuesday Blitz"]
[Site "Chess.com"]
[Date "2020.09.08"]
[Round "6"]
[White "Ariadna_Atreides"]
[Black "Shuvalov"]
[Result "1-0"]
[WhiteElo "2073"]
[BlackElo "2445"]
[TimeControl "180+1"]
[EndTime "11:08:03 PDT"]
[Termination "Ariadna_Atreides won on time"]

1. d4 Nf6 2. Nf3 g6 3. c4 c5 4. d5 b5 5. cxb5 a6 6. b6 Bg7 7. Nc3 d6 8. Nd2 Qxb6 9. e4 O-O 10. Be2 Nbd7 11. O-O Qb8 12. Nc4 a5 13. a4 Ba6 14.
Qc2 Qb4 15. Na3 Bxe2 16. Qxe2 Ne5 17. f4 Ned7 18. h3 e6 19. dxe6 fxe6 20. Ncb5 Nxe4 21. Nc2 Qb3 22. Qxe4 Nf6 23. Qe2 d5 24. Ra3 Qc4 25.
Qxc4 dxc4 26. Re3 Nd5 27. Rxe6 Rae8 28. Rxe8 Rxe8 29. Kf2 Nb4 30. Ne3 Nd3+ 31. Kf3 Rf8 32. Nxc4 Rd8 33. Ncd6 Bxb2 34. Bxb2 Nxb2 35. Re1 Nxa4 36.
Re8+ Rxe8 37. Nxe8 Kf7 38. Ned6+ Ke6 39. Nc4 Kd5 40.
Nba3 Kd4 41. g4 1-0

[Event "*** SCC Grand Prix: Titled Tuesday Blitz"]
[Site "Chess.com"]
[Date "2020.09.08"]
[Round "6"]
[White "Deepweb2020"]
[Black "dosto07"]
[Result "0-1"]
[WhiteElo "2207"]
[BlackElo "2314"]
[TimeControl "180+1"]
[EndTime "11:08:03 PDT"]
[Termination "dosto07 won on time"]

1. d4 d5 2. c4 dxc4 3. e3 Nf6 4. Bxc4 e6 5. Nf3 a6 6. O-O b5 7. Bb3 Bb7 8. Qc2 Nbd7 9. Bd2 c5 10. dxc5 Bxc5 11.
Bc3 O-O 12. Nbd2 Rc8 13. a3 a5 14. Qb1 b4 15. axb4 axb4 16. Bd4 Qe7 17. Rc1 h6 18. Qd3 e5 19. Bxc5 Nxc5 20. Qc2 e4 21. Nd4 Nd3 22.
Qd1 Rxc1 23. Rxc1 Nxc1 24. Qxc1 Rc8 25. Qa1 Qc5 26. Qa2 Qc7 27. h3 Ra8 28. Qb1 Rc8 29.
Qa2 g6 30. Qa4 Qc1+ 31. Nf1 Bd5 32. Qxb4 Qxb2 33. Qe7 Bxb3 34. Nxb3 Qxb3 35. Qxf6 Qb1 36. Qa6 Rc1 37. g3 h5 38. h4 Kg7 39. Kg2 Qd3 40.
Qxd3 exd3 41. Nd2 Rc2 42. Ne4 d2 43. Kf1 d1=Q+ 0-1

[Event "*** SCC Grand Prix: Titled Tuesday Blitz"]
[Site "Chess.com"]
[Date "2020.09.08"]
[Round "6"]
[White "DvaHrasta"]
[Black "ChessLover0108"]
[Result "0-1"]
[WhiteElo "2476"]
[BlackElo "2662"]
[TimeControl "180+1"]
[EndTime "11:08:04 PDT"]
[Termination "ChessLover0108 won on time"]

1. c4 Nf6 2. g3 g6 3. Bg2 Bg7 4. Nc3 O-O 5. Nf3 c5 6. O-O Nc6 7. d4 d6 8. dxc5 dxc5 9. Bf4 Bd7 10. Qb3 Qc8 11. Rfd1 Na5 12. Qc2 Nxc4 13. Rac1 Bc6 14. e4 b6 15. Nd5 Nxd5 16. exd5 Bb5 17. Bf1 Nd6 18. Bxd6 Bxf1 19. Bxe7 Re8 20. Kxf1 Rxe7 21. d6 Rd7 22. Qe4 Qa6+ 23. Kg2 Rad8 24. b4 cxb4 25.
Rc7 Qa4 26. Qb7 Qxd1 27. Rxd7 Rxd7 28. Qxd7 Bf8 29. Qxa7 Qxd6 30. Qb7 Qe6 31. h4 h6 32.
h5 g5 33. Qa8 b5 34. Nd2 Qg4 35. Ne4 Qe6 36. f3 Kg7 37. g4 Be7 38. Ng3 Bf6 39.
Nf5+ Kh7 0-1

[Event "*** SCC Grand Prix: Titled Tuesday Blitz"]
[Site "Chess.com"]
[Date "2020.09.08"]
[Round "6"]
[White "BanjoKazooieN64"]
[Black "dachessmandan"]
[Result "1-0"]
[WhiteElo "2583"]
[BlackElo "2410"]
[TimeControl "180+1"]
[EndTime "11:08:04 PDT"]
[Termination "BanjoKazooieN64 won by checkmate"]

1. e4 e5 2. Nf3 Nc6 3. Bc4 Be7 4. d4 d6 5. dxe5 dxe5 6. Qxd8+ Bxd8 7. Nc3 Nf6 8. Bg5 O-O 9. O-O-O h6 10. Bh4 Bg4 11.
Be2 Bxf3 12. Bxf3 Nd4 13. Bg3 Nxf3 14. gxf3 Re8 15. Nd5 c6 16. Nxf6+ Bxf6 17. Rd7 h5 18. h3 Rad8 19. Rhd1 h4 20. Bh2 Kf8 21. c3 Rxd7 22.
Rxd7 Re7 23. Rd8+ Re8 24. Rd7 Re7 25. Rd8+ Re8 26. Rxe8+ Kxe8 27. f4 exf4 28. Bxf4 Kd7 29. Kd2 Ke6 30. Ke3 g5 31. Bb8 Be5 32. Bxa7 f5 33. f3 Bf4+ 34. Kd3 Bc7 35. Be3 f4 36. Bd4 b6 37. b4 Bd8 38. a4 Kd6 39. Bg7 Ke6 40. Kd4 Kf7 41. Be5 Ke6 42. Bb8 Bf6+ 43. e5 Bd8 44. Ke4 Be7 45. Bc7 c5 46. b5 c4 47. Bxb6 Ba3 48. a5 Bb4 49. a6 Bxc3 50. a7 Bxe5 51. a8=Q Bd6 52. Qd5+ Ke7 53. Qxc4 g4 54.
fxg4 f3 55. Kxf3 Kf6 56. Ke4 Kg5 57. Qg8+ Kh6 58. Kf5 Bf8 59. Qg6# 1-0

[Event "*** SCC Grand Prix: Titled Tuesday Blitz"]
[Site "Chess.com"]
[Date "2020.09.08"]
[Round "6"]
[White "KNCP_719"]
[Black "peixe64"]
[Result "1-0"]
[WhiteElo "2568"]
[BlackElo "2355"]
[TimeControl "180+1"]
[EndTime "11:08:04 PDT"]
[Termination "KNCP_719 won by resignation"]

1. Nf3 Nf6 2. c4 c5 3. b3 e6 4.
Bb2 d5 5. cxd5 exd5 6. e3 Nc6 7. Bb5 Be7 8. O-O O-O 9. d4 a6 10. Be2 b6 11. Nc3 Bb7 12. Rc1 Rc8 13. dxc5 bxc5 14. Na4 Ne4 15. Bd3 Nb4 16. Bb1 Qa5 17. Nd2 Rfd8 18.
Nxe4 dxe4 19. Qg4 Bf8 20. Bxe4 Bxe4 21. Qxe4 Nd3 22. Bc3 Qb5 23. Rcd1 c4 24. Rb1 Re8 25. Qg4 h5 26. Qh4 cxb3 27. Rxb3 Qf5 28. Bd4 Nc1 29. Rb6 Ne2+ 30. Kh1 Nxd4 31. Qxd4 Re4 32.
Qd3 Qa5 33. Qxe4 Bb4 34. Rxb4 Qg5 35. Qf4 Qg6 36. h4 Rf8 37. Rb8 Kh7 38. Rxf8 f6 39. e4 Qh6 40. Qf5+ Qg6 41. Rh8+ 1-0

[Event "*** SCC Grand Prix: Titled Tuesday Blitz"]
[Site "Chess.com"]
[Date "2020.09.08"]
[Round "6"]
[White "Harsha_Bharathakoti"]
[Black "Beltraxtor"]
[Result "0-1"]
[WhiteElo "2798"]
[BlackElo "2596"]
[TimeControl "180+1"]
[EndTime "11:08:06 PDT"]
[Termination "Beltraxtor won by resignation"]

1. c4 c6 2. Nf3 d5 3. d4 Nf6 4. Nc3 dxc4 5. e4 b5 6. Be2 e6 7.
O-O Bb7 8. b3 cxb3 9. axb3 a5 10.
e5 Nd5 11. Nxd5 Qxd5 12. Ng5 Bb4 13. Bh5 g6 14. Bf3 Qd8 15. Ne4 Nd7 16. Bd2 Be7 17. Bh6 Qb6 18. Be3 Qc7 19. Bh6 Qb6 20. Qd2 b4 21.
Qf4 c5 22. dxc5 Nxc5 23. Nxc5 Bxc5 24. Qf6 Rg8 25. Rac1 Be7 26. Qf4 g5 27. Qg4 Rg6 28.
Bxb7 Qxb7 29. Qh5 a4 30. bxa4 b3 31. h4 gxh4 32. f3 Rxa4 33. Be3 b2 34. Rb1 Qb3 35. Bf2 Qc2 36. Rfd1 Rc4 37. Kh1 Qxd1+ 38. Rxd1 Rc1 39. f4 b1=Q 40. Rxc1 Qxc1+ 41. Kh2 Qxf4+ 42. Kg1 Qg4 0-1

[Event "*** SCC Grand Prix: Titled Tuesday Blitz"]
[Site "Chess.com"]
[Date "2020.09.08"]
[Round "6"]
[White "LiemLe"]
[Black "Maghalashvili"]
[Result "1-0"]
[WhiteElo "2977"]
[BlackElo "2736"]
[TimeControl "180+1"]
[EndTime "11:08:07 PDT"]
[Termination "LiemLe won by resignation"]

1. d4 d5 2. Bf4 Nf6 3. e3 e6 4. Nd2 Bd6 5. Ngf3 c5 6. c3 Nc6 7.
Bb5 Bxf4 8. exf4 Qb6 9. Qe2 O-O 10. dxc5 Qxc5 11. O-O Bd7 12. Nb3 Qb6 13. Rad1 Na5 14. Bxd7 Nxd7 15. f5 Nxb3 16. axb3 Nc5 17. b4 Ne4 18.
Nd4 Rfe8 19. fxe6 fxe6 20. Kh1 e5 21. Nb3 Rad8 22. f3 Nf6 23. Rfe1 Kh8 24. Nc5 Qc7 25. Qf2 b6 26. Nd3 e4 27. Nc1 Rf8 28. Qg3 Qf7 29.
Rf1 e3 30. Ne2 Nh5 31. Qh4 Nf4 32. Qxf4 Qxf4 33. Nxf4 Rxf4 34. Rfe1 h6 35. Rxe3 Rf5 36. Rd4 Rc8 37. Kg1 a5 38. Re6 axb4 39. Rxb4 Rg5 40.
h4 Rh5 41. Rexb6 Re5 42. Rb8 Rce8 43. Rxe8+ Rxe8 44. Kf2 Kh7 45. Rd4 Rb8 46. Rd2 Rc8 47. Ke3 Re8+ 48. Kd4 Kg6 49. b4 Kh5 50. g3 Rf8 51. Rd3 Rc8 52. Kxd5 g5 53. hxg5 Kxg5 54. b5 h5 55. b6 Rd8+ 56. Kc4 Rb8 57. Rd5+ 1-0

[Event "*** SCC Grand Prix: Titled Tuesday Blitz"]
[Site "Chess.com"]
[Date "2020.09.08"]
[Round "6"]
[White "GM_dmitrij"]
[Black "Caracternin123"]
[Result "1/2-1/2"]
[WhiteElo "2912"]
[BlackElo "2701"]
[TimeControl "180+1"]
[EndTime "11:08:07 PDT"]
[Termination "Game drawn by repetition"]

1. e4 Nf6 2. e5 Nd5 3. d4 d6 4. Nf3 g6 5. Bc4 Nb6 6. Bb3 Bg7 7. Ng5 e6 8. Qf3 Qe7 9. Ne4 dxe5 10. Bg5 Qb4+ 11. Nbc3 Qa5 12. Bf6 O-O 13. dxe5 Nc6 14. O-O-O Nxe5 15. Qf4 Nc6 16. Bxg7 Kxg7 17. Qf6+ Kg8 18.
Qh4 Qf5 19. Qh6 Qe5 20. h4 Qg7 21. Qg5 f5 22. Nc5 Qe5 23. Nxe6 Bxe6 24. Rhe1 Qg7 25.
Rxe6 Kh8 26. h5 Nd4 27. Re7 Nxb3+ 28. axb3 Rf7 29. h6 Qf6 30. Qxf6+ Rxf6 31. Rxc7 g5 32. Nd5 Rxh6 33. Rxb7 Rh2 34. Nxb6 axb6 35. Rdd7 Rxg2 36. Rxh7+ Kg8 37. Rbg7+ Kf8 38. Rf7+ Kg8 39. Rfg7+ Kf8 40. Rf7+ Kg8 41. b4 Rxf2 42. b3 Rc8 43. c4 Re8 44.
Rfg7+ Kf8 45. Rf7+ Kg8 46. Kd1 Ra8 47. Ke1 Rg2 48.
Kf1 Rb2 49. Rhg7+ Kh8 50. Rh7+ Kg8 51. Rfg7+ Kf8 52. Rf7+ Kg8 1/2-1/2

[Event "*** SCC Grand Prix: Titled Tuesday Blitz"]
[Site "Chess.com"]
[Date "2020.09.08"]
[Round "6"]
[White "vovachesss"]
[Black "Orest_Vovk"]
[Result "1/2-1/2"]
[WhiteElo "2666"]
[BlackElo "2493"]
[TimeControl "180+1"]
[EndTime "11:08:07 PDT"]
[Termination "Game drawn - insufficient material"]

1. Nf3 Nf6 2. b3 h6 3. Bb2 Nh7 4. e4 Ng5 5. Nc3 d6 6. d4 Nc6 7. Be2 Nxf3+ 8. Bxf3 e5 9. dxe5 dxe5 10. Nd5 Bd6 11.
Bg4 Bxg4 12. Qxg4 Qg5 13. Qxg5 hxg5 14. O-O-O O-O-O 15. h3 f6 16. a3 Bc5 17. f3 Bd4 18.
c3 Bc5 19. Kc2 Ne7 20. Nxe7+ Bxe7 21. c4 Rxd1 22. Rxd1 Rd8 23. Rxd8+ Kxd8 24. b4 Kd7 25. Kb3 c6 26. a4 a6 27. b5 axb5 28. cxb5 cxb5 29.
axb5 Bc5 30. Kc4 Kd6 31. Bc3 b6 32. Be1 Ke6 33. Kd3 Kd6 34. g3 Ke6 35. Ke2 Kd6 36. Kd3 Ke6 37. Bd2 Kd6 38. f4 gxf4 39. gxf4 exf4 40. Bxf4+ Ke6 41. Kc4 g6 42. Bg3 Bg1 43. Kd3 Bc5 44. Ke2 Bd4 45. Kf3 Bc5 46. Bc7 Bg1 47.
Kg4 Be3 48. h4 Bc5 49. h5 gxh5+ 50. Kxh5 f5 51. exf5+ Kxf5 52. Kh6 Ke6 53. Kg7 Kd5 54. Kf7 Kc4 55. Ke6 Kxb5 56. Bxb6 1/2-1/2

[Event "*** SCC Grand Prix: Titled Tuesday Blitz"]
[Site "Chess.com"]
[Date "2020.09.08"]
[Round "6"]
[White "MathiasWomacka"]
[Black "poppy73"]
[Result "1-0"]
[WhiteElo "2413"]
[BlackElo "2248"]
[TimeControl "180+1"]
[EndTime "11:08:07 PDT"]
[Termination "MathiasWomacka won on time"]

1. e4 c5 2. Nf3 d6 3. d4 cxd4 4. Nxd4 Nf6 5. Nc3 a6 6. Be2 e5 7.
Nb3 Be6 8. f4 Qc7 9. g4 exf4 10.
g5 Nfd7 11. Bxf4 Nc6 12. Qd2 Be7 13. O-O-O Nce5 14. Nd4 O-O-O 15. h4 Kb8 16. Kb1 Rc8 17. Nf5 Bxf5 18. exf5 Nb6 19. Qd4 f6 20. Be3 Qc5 21. Qe4 Qc7 22. Qb4 Ned7 23. Qb3 Nc5 24. Qa3 Rhe8 25.
Rd2 Bf8 26. Bf4 Nbd7 27. Nd5 Qd8 28. Rhd1 Ne5 29. gxf6 gxf6 30. Qb4 Nc6 31. Qa3 Ne5 32. Bh5 Ne4 33. Bxe8 Nxd2+ 34. Bxd2 Qxe8 35. Nxf6 Qf7 36. Ne4 d5 37. Nd6 Qf6 38. Bb4 Bxd6 39. Bxd6+ Ka8 40. Rxd5 Qxf5 41. Qe3 Qf1+ 42. Qc1 Qxc1+ 43. Kxc1 Nc4 44.
Bf4 Rf8 45. Rd4 Nb6 46. b3 Nc8 47. Bg5 1-0

[Event "*** SCC Grand Prix: Titled Tuesday Blitz"]
[Site "Chess.com"]
[Date "2020.09.08"]
[Round "6"]
[White "Euge_chess"]
[Black "Alindsay211"]
[Result "1-0"]
[WhiteElo "2127"]
[BlackElo "2302"]
[TimeControl "180+1"]
[EndTime "11:08:07 PDT"]
[Termination "Euge_chess won on time"]

1. e4 c5 2. c3 Nf6 3. e5 Nd5 4. g3 Nc6 5. Bg2 e6 6. Nf3 d6 7. exd6 Bxd6 8. O-O O-O 9. d4 Qb6 10. Na3 cxd4 11. Nc4 Qc7 12. Nxd6 Qxd6 13. Nxd4 Bd7 14. Re1 Rfd8 15. a3 Nxd4 16. Qxd4 Bc6 17. c4 Nf6 18. Qxd6 Rxd6 19. Bg5 Bxg2 20. Kxg2 Rad8 21. Bxf6 gxf6 22. Re2 Rd4 23. Rc1 Kf8 24. c5 Rc8 25.
Rec2 Rd5 26. b4 Ke7 27. c6 b6 28. a4 b5 29. axb5 Rxb5 30. Ra2 Rc7 31. Rc4 Rb6 32. Ra5 Kd6 33. b5 Ke7 34. Rd4 f5 35. h4 e5 36. Rd5 f6 37. Ra2 Ke6 38. Rad2 Kf7 39. Rd7+ Rxd7 40. Rxd7+ Kg6 41. c7 Rb7 42. Re7 1-0

[Event "*** SCC Grand Prix: Titled Tuesday Blitz"]
[Site "Chess.com"]
[Date "2020.09.08"]
[Round "6"]
[White "ExcitingTrap"]
[Black "NMZanette"]
[Result "1-0"]
[WhiteElo "2291"]
[BlackElo "2181"]
[TimeControl "180+1"]
[EndTime "11:08:08 PDT"]
[Termination "ExcitingTrap won by resignation"]

1. e4 e5 2. Nf3 Nc6 3. Bc4 Nf6 4. d3 Be7 5. O-O O-O 6. Re1 d6 7. a4 a6 8. h3 Be6 9. Bxe6 fxe6 10. c3 Nd7 11. d4 exd4 12. cxd4 a5 13. d5 exd5 14. exd5 Nb4 15. Nd4 Nc5 16. Nc3 Bg5 17. Bxg5 Qxg5 18. Nf3 Qf6 19. Re3 Rf7 20. Qe2 Raf8 21. Rf1 h6 22.
Ne4 Nxe4 23. Rxe4 Qf5 24. Nd4 Qxd5 25. Ne6 Re8 26. Rd1 Qf5 27. Re3 Rfe7 28. Nxc7 Rxe3 29. fxe3 Rc8 30. Nb5 Qe5 31. Nxd6 Rc2 32. Qf3 Qe6 33. Nf5 Kh7 34. Qg4 Qg6 35. Qf3 Rxb2 36. Rd7 Rb1+ 37. Kh2 Nc6 38. Rxg7+ Qxg7 39. Nxg7 Kxg7 40. Qg4+ Kf8 41.
Qf5+ Ke7 42. Qxb1 Nb4 43. Qe4+ Kd6 44. Qxb7 Nd3 45. Qb6+ Ke5 46. Qxa5+ Ke4 47. Qd8 Nc5 48. a5 Nb7 49. Qc7 Nxa5 50. Qxa5 1-0

[Event "*** SCC Grand Prix: Titled Tuesday Blitz"]
[Site "Chess.com"]
[Date "2020.09.08"]
[Round "6"]
[White "vizumatv4hoda"]
[Black "PIwan"]
[Result "0-1"]
[WhiteElo "2730"]
[BlackElo "2561"]
[TimeControl "180+1"]
[EndTime "11:08:09 PDT"]
[Termination "PIwan won by resignation"]

1. e4 e6 2. d4 d5 3. exd5 exd5 4. c4 Nf6 5. Nc3 Be7 6. Nf3 O-O 7. cxd5 Nbd7 8. Bd3 Nb6 9. Ne5 Nbxd5 10. O-O c5 11. dxc5 Nxc3 12. bxc3 Qc7 13. Bf4 Qxc5 14. Qf3 Be6 15. Rfe1 Rad8 16. Rad1 Nd5 17. Bd2 Bf6 18. c4 Nb4 19. Bxb4 Qxb4 20. h3 h6 21. Qe4 Rfe8 22.
Qh7+ Kf8 23. Bf5 Rxd1 24. Rxd1 Bxe5 25. Bxe6 fxe6 26. g3 Qe7 27. Rd3 Bf6 28. h4 Rd8 29. Rf3 Kf7 30. g4 Qc5 31. Kg2 Rd4 32. Kh3 Qxc4 33.
Qb1 b6 34. Qg1 h5 35. Rg3 Rxg4 36. Kg2 Qe4+ 37. f3 Qa4 38. fxg4 Qe4+ 39. Kh2 Be5 40.
Qf2+ Ke7 41. gxh5 Qxh4+ 42. Kg2 Qxg3+ 43. Qxg3 Bxg3 44. Kxg3 Kf6 45. Kf4 e5+ 46. Kg4 b5 47. Kh4 a5 48. Kg4 b4 49. Kf3 a4 50. Ke3 Kg5 51. Ke4 b3 52. axb3 axb3 53. h6 Kxh6 54.
Kxe5 b2 55. Kf4 0-1

[Event "*** SCC Grand Prix: Titled Tuesday Blitz"]
[Site "Chess.com"]
[Date "2020.09.08"]
[Round "6"]
[White "rasmussvane"]
[Black "Schandenfreude"]
[Result "1-0"]
[WhiteElo "2869"]
[BlackElo "2520"]
[TimeControl "180+1"]
[EndTime "11:08:09 PDT"]
[Termination "rasmussvane won on time"]

1. Nf3 Nf6 2. g3 b6 3. Bg2 Bb7 4. O-O e6 5. d4 c5 6. c4 cxd4 7. Qxd4 Be7 8. Nc3 O-O 9. Rd1 d6 10. Bg5 Nbd7 11. Nb5 d5 12. cxd5 Bxd5 13. Nc3 Bb7 14.
Rac1 a6 15. Ne5 Bxg2 16. Nxd7 Nxd7 17. Bxe7 Qxe7 18. Qxd7 Qxd7 19. Rxd7 Bc6 20. Rc7 Rac8 21. Rxc8 Rxc8 22. Na4 b5 23. Nc5 Bd5 24. a3 a5 25.
f3 Bc4 26. Nb7 Ra8 27. Kf2 g6 28. Nd6 Rb8 29. Ke3 Rb6 30. Nxc4 bxc4 31. Rc2 c3 32. bxc3 Rb3 33. Kd4 Rxa3 34. c4 Kf8 35. Kc5 a4 36. Kb5 Ke7 37. c5 Kd7 38. Rd2+ Kc7 39. Rd6 Ra1 40.
Ra6 a3 41. Ra7+ Kb8 42. Ra4 a2 43. Kc6 h5 44. h4 f6 45. e4 f5 46. e5 1-0

[Event "*** SCC Grand Prix: Titled Tuesday Blitz"]
[Site "Chess.com"]
[Date "2020.09.08"]
[Round "6"]
[White "aljado"]
[Black "ailime26"]
[Result "0-1"]
[WhiteElo "2087"]
[BlackElo "1899"]
[TimeControl "180+1"]
[EndTime "11:08:09 PDT"]
[Termination "ailime26 won by resignation"]

1. e4 c5 2. Nf3 Nc6 3. c3 g6 4.
d4 cxd4 5. cxd4 Bg7 6. Nc3 e6 7.
Be2 Nge7 8. O-O O-O 9. Bg5 a6 10.
d5 exd5 11. Nxd5 f6 12. Bh4 b5 13. Rc1 Bb7 14. Re1 Ne5 15. Nxe5 Bxd5 16. Nxg6 Nxg6 17. Qxd5+ Kh8 18. Bg3 Re8 19. Bf3 Qe7 20. Rc7 Rad8 21. Bg4 Qb4 22. f3 Ne5 23. a3 Qxb2 24. Bxd7 Nxd7 25.
Rxd7 Rxd7 26. Qxd7 Rf8 27. Rd1 Qxa3 28. Rd3 Qc5+ 29.
Bf2 Qc1+ 30. Rd1 Qc3 31. Bd4 Qc2 32. Ba1 Qc5+ 33. Bd4 Qc2 34. Be3 b4 35. Kf1 b3 36.
Rc1 Qa2 37. Bd4 b2 38. Bxb2 Qxb2 39. Rc8 Qb5+ 40. Qxb5 axb5 41. Rxf8+ Bxf8 0-1

[Event "*** SCC Grand Prix: Titled Tuesday Blitz"]
[Site "Chess.com"]
[Date "2020.09.08"]
[Round "6"]
[White "Makswolf200817"]
[Black "queen_iryna"]
[Result "1-0"]
[WhiteElo "2421"]
[BlackElo "2282"]
[TimeControl "180+1"]
[EndTime "11:08:10 PDT"]
[Termination "Makswolf200817 won by checkmate"]

1. d4 d5 2. c4 c6 3. cxd5 cxd5 4.
Bf4 Nf6 5. Nc3 a6 6. Nf3 Nc6 7.
e3 e6 8. Bd3 Be7 9. O-O O-O 10.
a3 Bd7 11. Rc1 Rc8 12. b4 a5 13. b5 Na7 14. a4 Bb4 15. Qb3 Qe7 16. h3 Rfd8 17.
b6 Nc6 18. Nb5 Ne4 19. Bxe4 dxe4 20. Ne5 Nxe5 21. Bxe5 Bxb5 22. axb5 Bd6 23. Qa4 Bxe5 24. dxe5 Rc5 25. Qxe4 Rdd5 26. Qa4 g6 27. Qxa5 Rxe5 28. Rfd1 Kg7 29. Qa7 Rxc1 30. Rxc1 Rxb5 31. Rc7 Rb1+ 32. Kh2 Qd6+ 33. g3 Qxb6 34. Qb8 Qb2 35. Kg2 b5 36. Qe8 Qf6 37. Rc2 b4 38. Rd2 b3 39. Rd7 b2 40.
Rb7 Rc1 41. Qb5 b1=Q 42. Qxb1 Rxb1 43. Rxb1 Qe5 44. Rf1 Qe4+ 45. Kg1 Qf3 46. Ra1 h5 47. Ra4 Kf6 48. Rf4+ Qxf4 49. exf4 Kf5 50. Kg2 h4 51. Kf3 hxg3 52. fxg3 f6 53. g4# 1-0

[Event "*** SCC Grand Prix: Titled Tuesday Blitz"]
[Site "Chess.com"]
[Date "2020.09.08"]
[Round "6"]
[White "snap_man"]
[Black "MrrRefrao"]
[Result "0-1"]
[WhiteElo "2282"]
[BlackElo "2223"]
[TimeControl "180+1"]
[EndTime "11:08:10 PDT"]
[Termination "MrrRefrao won by resignation"]

1. e4 c5 2. Nf3 d6 3. d4 cxd4 4. Nxd4 Nf6 5. Nc3 a6 6. h3 e5 7. Nde2 h5 8. g3 Nbd7 9. Bg2 b5 10. O-O Bb7 11. a4 b4 12. Nd5 a5 13. f4 Nxd5 14.
exd5 Be7 15. fxe5 Nxe5 16. Nd4 O-O 17. Qxh5 g6 18. Qh6 Bf6 19. Nc6 Bxc6 20. dxc6 Bg7 21.
Qe3 Re8 22. Qf2 Rc8 23. Bf4 Nxc6 24. Rad1 Ne5 25. Bxe5 Rxe5 26. Qxf7+ Kh7 27. Rf4 Rh5 28. Be4 Rh6 29. h4 Rc7 30. Qd5 Re7 31. h5 Be5 32.
Bxg6+ Kh8 33. Rf7 Qb6+ 34. Kg2 Rxf7 35. Qxf7 Qc6+ 36. Rd5 Qc8 37. Kh2 Qd8 38. Rd2 Qh4+ 39. Kg1 Qxg3+ 40. Rg2 Qe1+ 41. Qf1 Bd4+ 42. Kh2 Qxf1 0-1

[Event "*** SCC Grand Prix: Titled Tuesday Blitz"]
[Site "Chess.com"]
[Date "2020.09.08"]
[Round "6"]
[White "GadimbayliA"]
[Black "LyonBeast"]
[Result "1-0"]
[WhiteElo "2908"]
[BlackElo "3012"]
[TimeControl "180+1"]
[EndTime "11:08:11 PDT"]
[Termination "GadimbayliA won on time"]

1. e4 c5 2. Nf3 Nc6 3. b4 d6 4. b5 Ne5 5. Nxe5 dxe5 6. Bb2 f6 7. Bc4 Nh6 8. Nc3 Bg4 9. f3 Bd7 10. O-O e6 11. Kh1 Nf7 12. a4 Bd6 13. d3 O-O 14.
Ne2 Qe7 15. f4 exf4 16. Nxf4 Be5 17. Bxe5 Nxe5 18. Ba2 Rad8 19. Qe1 g5 20. Nh5 Be8 21. Ng3 Kh8 22. Qe2 Bg6 23. Rf2 Kg7 24. Raf1 b6 25. Nh5+ Bxh5 26. Qxh5 Qe8 27. Qh3 Rd6 28.
Qg3 Qe7 29. Rxf6 Rxf6 30. Qxe5 Kg6 31. Re1 Rd8 32. Bc4 h5 33. c3 Rc8 34. Qg3 h4 35. Qe5 Qf7 36. Kg1 g4 37. d4 cxd4 38. Qxd4 Kg7 39. Bd3 Rc5 40. e5 Rf4 41. Qd8 Rd5 42.
Qg5+ Kf8 43. Bg6 Rf5 44. Bxf5 Qxf5 45. Rf1 1-0

[Event "*** SCC Grand Prix: Titled Tuesday Blitz"]
[Site "Chess.com"]
[Date "2020.09.08"]
[Round "6"]
[White "korbul"]
[Black "sokidze"]
[Result "0-1"]
[WhiteElo "2456"]
[BlackElo "2615"]
[TimeControl "180+1"]
[EndTime "11:08:11 PDT"]
[Termination "sokidze won by checkmate"]

1. e4 c5 2. Nf3 Nc6 3. d4 cxd4 4. Nxd4 g6 5. Nc3 Bg7 6. Be3 Nf6 7. Bc4 O-O 8. Bb3 Re8 9. h3 d6 10. O-O Na5 11.
Qd2 a6 12. Rfe1 Qc7 13. Bh6 Bh8 14. Bg5 Qc5 15. Rad1 b5 16. Nd5 Nxb3 17. Nxb3 Qc6 18. Nxf6+ exf6 19. Bh6 Bb7 20. f3 Rad8 21. Na5 Qc7 22.
Nxb7 Qxb7 23. Kh1 Qc6 24. Re3 Bg7 25. Bxg7 Kxg7 26. Rc3 Qb6 27. Rd3 Re6 28. a3 Qc6 29. c3 h5 30. Rd5 Rd7 31. Qd4 Rd8 32. g4 hxg4 33. hxg4 Qd7 34. Kg2 Qe7 35. a4 bxa4 36.
Qxa4 Rh8 37. Qd4 Rd8 38. b4 Rd7 39. c4 Rd8 40. Qd3 Rd7 41. c5 Rd8 42. cxd6 Qd7 43. Qd4 Rh8 44. g5 Rhe8 45. gxf6+ Rxf6 46. Rc5 Rh8 47. Kf2 Qh3 48. Ke3 Qxf3+ 49. Kd2 Rh2+ 50. Kc1 Qa3+ 51.
Kb1 Qa2+ 52. Kc1 Kh6 53. Qe3+ Kh7 54. Qc3 Rff2 55. d7 Rb2 56. Qh8+ Kxh8 57. d8=Q+ Kh7 58. Rh5+ Rxh5 59. Qd4 Qa1# 0-1

[Event "*** SCC Grand Prix: Titled Tuesday Blitz"]
[Site "Chess.com"]
[Date "2020.09.08"]
[Round "6"]
[White "Dr-Bassem"]
[Black "pedromartinez91"]
[Result "1-0"]
[WhiteElo "2776"]
[BlackElo "2493"]
[TimeControl "180+1"]
[EndTime "11:08:12 PDT"]
[Termination "Dr-Bassem won on time"]

1. e4 d5 2. exd5 Qxd5 3. Nc3 Qd8 4. d4 Nf6 5. Nf3 g6 6. Bc4 Bg7 7. O-O O-O 8. Ne5 Nbd7 9. Bg5 Nb6 10. Bb3 a5 11. a4 c6 12. Re1 Nbd5 13. Qf3 Be6 14. Nd3 Nc7 15. Nc5 Bxb3 16. Nxb3 Ne6 17. Be3 Nd5 18.
Nxd5 Qxd5 19. Qxd5 cxd5 20. c3 Rfb8 21. Nc1 b5 22.
Nd3 b4 23. cxb4 axb4 24. a5 Bxd4 25. Bxd4 Nxd4 26. Rxe7 Nb3 27. Rd1 Rxa5 28. Ne5 Rf8 29. Rb7 Re8 30. Nc6 Ra1 31. Rxa1 Nxa1 32. g3 Nc2 33.
Ne7+ Kg7 34. Nxd5 Re4 35. Kf1 Rd4 36. Nf4 Rd2 37. b3 Nd4 38. Rxb4 g5 39. Nd5 h5 40. Ne3 g4 41. Kg2 Nf3 42. h3 Ne1+ 43. Kf1 Nd3 44.
Rd4 1-0